 Dungeon Crawl Stone Soup version 0.17-a0-1637-g5d65775 (webtiles) character file.

31346 urechis the Blocker (level 13, -7/86 HPs)
             Began as a Gargoyle Fighter on Aug 7, 2015.
             Was the Champion of Makhleb.
             Mangled by Snorg (14 damage)
             ... on level 6 of the Lair of Beasts.
             The game lasted 00:45:56 (16144 turns).

urechis the Blocker (Gargoyle Fighter)             Turns: 16144, Time: 00:45:57

Health: -7/86      AC: 24    Str: 22    XL:     13   Next: 57%
Magic:  13/13      EV: 11    Int: 10    God:    Makhleb [******]
Gold:   858        SH: 14    Dex: 13    Spells: 0 memorised, 12 levels left

rFire  + + .     SeeInvis +     d - +3 morningstar
rCold  . . .     Clarity  .     J - +3 salamander hide armour {+Rage rF++}
rNeg   + . .     SustAt   +     c - +0 shield
rPois  ∞         Gourm    .     N - +0 helmet {SInv}
rElec  +         Spirit   .     y - +0 cloak
rCorr  .         Warding  .     C - +0 pair of gloves
rMut   .         Stasis   .     s - +2 pair of boots
MR     .....                    i - amulet of regeneration
Stlth  +.........               E - +2 ring of strength
                                L - ring of sustain attributes

@: not resistant to hostile enchantments, very unstealthy
A: negative energy resistance 1, electricity resistance, unbreathing,
petrification resistance, rot immunity, AC +9
a: Minor Destruction, Lesser Servant of Makhleb, Major Destruction, Greater
Servant of Makhleb, Renounce Religion, Evoke Berserk Rage


You were on level 6 of the Lair of Beasts.
You worshipped Makhleb.
Makhleb was exalted by your worship.
You were hungry.

You visited 3 branches of the dungeon, and saw 18 of its levels.
You visited 1 bazaar.
You also visited: Sewer.

You collected 1063 gold pieces.
You spent 205 gold pieces at shops.

Inventory:

Hand weapons
 d - a +3 morningstar (weapon)
Armour
 c - a +0 shield (worn)
 s - a +2 pair of boots (worn)
 y - a +0 cloak (worn)
 C - a +0 pair of gloves (worn)
 J - the +3 salamander hide armour (worn) {+Rage rF++}
   (You found it on level 2 of the Lair of Beasts)

   It greatly protects you from fire.
   It lets you go berserk.
 N - a +0 helmet of see invisible (worn)
Jewellery
 i - an amulet of regeneration (around neck)
 E - a +2 ring of strength (right hand)
 L - a ring of sustain attributes (left hand)
Magical devices
 j - a wand of heal wounds (1)
 w - a wand of disintegration (13)
Scrolls
 f - 4 scrolls of enchant weapon
 g - 3 scrolls of blinking
 h - 5 scrolls of remove curse
 l - 6 scrolls of teleportation
 n - 2 scrolls of magic mapping
 o - 2 scrolls of immolation {unknown}
 q - 4 scrolls of amnesia
 v - 3 scrolls of enchant armour {unknown}
 F - 5 scrolls of fear
Potions
 k - 2 potions of poison {unknown}
 m - a potion of magic {unknown}
 p - a potion of invisibility {unknown}
 r - a potion of heal wounds
 t - a potion of cure mutation {unknown}
 u - 2 potions of degeneration {unknown}
 x - 7 potions of curing {unknown}
 z - 3 potions of berserk rage {unknown}
 A - 2 potions of lignification {unknown}
 D - a potion of agility {unknown}
 G - 2 potions of haste {unknown}
 H - 3 potions of might
 I - 3 potions of brilliance {unknown}
Comestibles
 a - a beef jerky
 b - 7 fruits
 e - 12 bread rations
 B - 9 meat rations
 K - 5 chunks of flesh


   Skills:
 - Level 12.0 Fighting
 - Level 12.0 Maces & Flails
 - Level 10.0 Armour
 + Level 14.9 Shields
 * Level 0.0 Invocations


You had 12 spell levels left.
You didn't know any spells.

Dungeon Overview and Level Annotations

Branches:
Dungeon (11/15)            Temple (1/1) D:5            Lair (6/8) D:10
    Orc (0/4) D:10
  Swamp: Lair:3-6    Shoals: Lair:3-6     Snake: Lair:3-6    Spider: Lair:3-6
  Slime: Lair:6-8

Altars:
Ashenzari
Cheibriados
Dithmenos
Elyvilon
Fedhas
Gozag
Kikubaaqudgha
Makhleb
Nemelex Xobeh
Okawaru
Qazlal
Ru
Sif Muna
Trog
Vehumet
Xom
Yredelemnul
Zin
The Shining One
Beogh

Shops:
D:4 [*?=[   D:6 *

Annotations:
Lair:2 exclusion: oklob plant
Lair:6 Snorg


Innate Abilities, Weirdness & Mutations

You are resistant to torment.
Your stone body is resilient (AC +9).
You are immune to poison.
You resist negative energy.
You are resistant to electric shocks.
You can survive without breathing.
You are immune to petrification.
You are immune to rotting.


Message History

You barely miss Snorg.
Snorg is severely wounded.
You are feeling hungry.
You block the giant frog's attack. Snorg bites you. Snorg barely misses you.
Snorg claws you but does no damage. The giant frog hits you.
* * * LOW HITPOINT WARNING * * *
You closely miss Snorg.
Snorg is severely wounded.
Snorg bites you but does no damage. You block Snorg's attack. Snorg claws you!
* * * LOW HITPOINT WARNING * * *
The crocodile bites you but does no damage.
The giant frog hits you but does no damage.
Drink which item? (? for menu, Esc to quit)
You feel much better. You block Snorg's attack. Snorg barely misses you.
You block Snorg's attack.
The giant frog hits you but does no damage.
The crocodile closely misses you. Snorg bites you!!
* * * LOW HITPOINT WARNING * * *
You block Snorg's attack. Snorg claws you!
You die...

.............
............
#...........
##.............
P.............
#.............
#...T..#......
#@F........
#.t.......#
##†[....##
#.....P.###
##......#P###
#..........#..
#.............
##......#...?.
#.............


You could see Snorg (berserk), a crocodile and a giant frog.

Vanquished Creatures
  Gastronok (D:8)
  2 hydras
  Harold (D:10)
  A queen ant (Lair:5)
  Nergalle (D:10)
  An unseen horror (D:10)
  A flayed ghost (D:10)
  Maurice (D:9)
  8 spiny frogs
  A black mamba (Lair:6)
  A gargoyle (D:11)
  A centaur skeleton (D:10)
  2 komodo dragons (Lair:4)
  2 fire drakes
  A two-headed ogre (D:9)
  Prince Ribbit (D:8)
  2 trolls
  8 blink frogs
  4 wraiths (D:10)
  2 shadows
  The ghost of Ajdolov the Conjurer, an average TeAE (Sewer)
  2 deep elf magi (D:10)
  A wyvern (D:8)
  26 yaks
  7 hippogriffs
  5 fire bats (D:10)
  9 wolves
  2 hungry ghosts
  3 basilisks
  Menkaure (D:7)
  2 steam dragons
  Edmund (D:5)
  6 water moccasins
  8 soldier ants (Lair:5)
  12 orc warriors
  2 sky beasts
  7 porcupines
  A necrophage (D:5)
  2 black bears
  3 centaurs
  2 ice beasts
  A wasp (D:10)
  2 eyes of draining
  6 ogres
  7 crocodiles
  Blork the orc (D:4)
  10 giant frogs
  A wyvern zombie (D:7)
  11 scorpions
  5 killer bees (D:10)
  3 wights (D:7)
  An electric eel (Lair:1)
  3 centaur zombies
  3 jellies
  4 crimson imps
  A giant frog skeleton (D:9)
  5 orc priests
  A quasit (D:9)
  9 orc wizards
  A gnoll shaman (D:6)
  4 hounds
  Natasha (D:2)
  8 iguanas
  25 worker ants
  A killer bee zombie (D:9)
  A hound skeleton (D:7)
  14 adders
  3 gnolls (D:6)
  35 river rats
  2 oozes
  3 adder skeletons
  A worm (D:2)
  70 orcs
  54 bats
  2 giant cockroaches
  4 hobgoblins
  9 jackals
  13 kobolds
  A quokka (D:3)
  6 ball pythons
  A ball python skeleton (D:4)
  7 giant geckos
  10 giant newts
  2 goblins
  A quokka zombie (D:9)
  6 rats
  A bush (Lair:2)
  A fungus (Lair:2)
506 creatures vanquished.

Vanquished Creatures (others)
  A giant cockroach (D:6)
  22 fungi
  5 plants
28 creatures vanquished.

Grand Total: 534 creatures vanquished

Notes
Turn   | Place    | Note
--------------------------------------------------------------
     0 | D:1      | urechis the Gargoyle Fighter began the quest for the Orb.
     0 | D:1      | Reached XP level 1. HP: 14/14 MP: 1/1
   200 | D:1      | Reached XP level 2. HP: 19/19 MP: 2/2
   646 | D:2      | Reached XP level 3. HP: 23/23 MP: 3/3
   675 | D:2      | Found a shattered altar of Ashenzari.
  1006 | D:2      | Noticed Natasha
  1011 | D:2      | Killed Natasha
  1011 | D:2      | Reached skill level 4 in Fighting
  1011 | D:2      | Reached XP level 4. HP: 29/29 MP: 4/4
  1475 | D:3      | Reached XP level 5. HP: 13/34 MP: 5/5
  1671 | D:3      | Found a faded altar to an unknown god.
  1844 | D:4      | Found Sargh's Jewellery Boutique.
  1893 | D:4      | Reached skill level 5 in Maces & Flails
  1895 | D:4      | Reached XP level 6. HP: 40/40 MP: 6/6
  1924 | D:4      | Reached skill level 5 in Fighting
  1984 | D:4      | Found Nyphun's Armour Shop.
  1994 | D:4      | Found Guroigha's Magic Scroll Shop.
  2029 | D:4      | Noticed Blork the orc
  2063 | D:4      | Killed Blork the orc
  2115 | D:4      | Reached skill level 6 in Maces & Flails
  2140 | D:4      | Found Sita Tat's Antique Armour Emporium.
  2268 | D:4      | Reached XP level 7. HP: 44/44 MP: 7/7
  2447 | D:4      | Reached skill level 7 in Maces & Flails
  2523 | D:4      | Found a sparkling altar of Nemelex Xobeh.
  2627 | D:4      | Found Xank's Assorted Antiques.
  2714 | D:5      | Entered Level 5 of the Dungeon
  2826 | D:5      | Reached XP level 8. HP: 43/52 MP: 8/8
  2929 | D:5      | Noticed Edmund
  2947 | D:5      | Killed Edmund
  2993 | D:5      | Found a sparkling altar of Nemelex Xobeh.
  3111 | D:5      | Reached skill level 8 in Maces & Flails
  3324 | D:5      | Found a staircase to the Ecumenical Temple.
  3333 | Temple   | Entered the Ecumenical Temple
  3523 | Temple   | Became a worshipper of Makhleb the Destroyer
  3994 | D:6      | Found a stormy altar of Qazlal.
  3994 | D:6      | Found a bloodstained altar of Trog.
  3995 | D:6      | Found a radiant altar of Vehumet.
  4022 | D:6      | Found a white marble altar of Elyvilon.
  4094 | D:6      | Found Gaopn's Assorted Antiques.
  4130 | D:6      | Found a glowing drain.
  4139 | Sewer    | Entered a sewer
  4163 | Sewer    | Noticed Ajdolov's ghost (average TeAE)
  4196 | Sewer    | Killed Ajdolov's ghost
  4196 | Sewer    | Acquired Makhleb's first power
  4196 | Sewer    | Reached skill level 9 in Maces & Flails
  4786 | D:6      | Reached XP level 9. HP: 56/58 MP: 9/9
  5006 | D:7      | Acquired Makhleb's second power
  5092 | D:7      | Reached skill level 10 in Maces & Flails
  5187 | D:7      | Noticed Menkaure
  5196 | D:7      | Killed Menkaure
  5829 | D:7      | Reached skill level 11 in Maces & Flails
  6235 | D:8      | Noticed Gastronok
  6262 | D:8      | Killed Gastronok
  6262 | D:8      | Reached skill level 5 in Armour
  6262 | D:8      | Reached skill level 5 in Shields
  6262 | D:8      | Reached XP level 10. HP: 64/67 MP: 10/10
  6273 | D:8      | Noticed Prince Ribbit
  6462 | D:8      | Reached skill level 10 in Fighting
  6601 | D:8      | Killed Prince Ribbit
  6678 | D:8      | Found a snail-covered altar of Cheibriados.
  7050 | D:9      | Found a roughly hewn altar of Beogh.
  7340 | D:9      | Noticed Maurice
  7343 | D:9      | Paralysed by Maurice for 4 turns
  7353 | D:9      | Killed Maurice
  7353 | D:9      | Reached XP level 11. HP: 72/74 MP: 11/11
  7410 | D:9      | Found a deep blue altar of Sif Muna.
  7453 | D:9      | Acquired Makhleb's third power
  7605 | D:9      | Reached skill level 12 in Maces & Flails
  8015 | D:10     | Entered Level 10 of the Dungeon
  8043 | D:10     | Noticed Nergalle
  8044 | D:10     | Noticed a spectral orc warlord
  8048 | D:10     | Noticed Harold
  8176 | D:10     | Found a staircase to the Orcish Mines.
  8286 | D:10     | Killed an unseen horror
  8589 | D:10     | Acquired Makhleb's fourth power
  8623 | D:10     | Killed Harold
  8830 | D:10     | Noticed a spectral orc warlord
  8872 | D:10     | Killed Nergalle
  8933 | D:10     | Found a staircase to the Lair.
  9429 | D:10     | Found a runed door.
  9434 | D:10     | Found a basalt altar of Yredelemnul.
  9461 | D:10     | Found a deep blue altar of Sif Muna.
  9477 | D:10     | Found an opulent altar of Gozag.
  9528 | D:10     | Acquired Makhleb's fifth power
  9549 | D:10     | Found a stormy altar of Qazlal.
  9593 | D:10     | Found an ancient bone altar of Kikubaaqudgha.
  9714 | D:10     | Found a white marble altar of Elyvilon.
  9742 | D:10     | Got a faintly glowing hand crossbow
  9743 | D:10     | Identified the +3 hand crossbow "Ysyck" {venom, +Fly MR- Dex+3} (You found it on level 10 of the Dungeon)
  9813 | D:10     | Noticed a flayed ghost
  9818 | D:10     | Killed a flayed ghost
  9936 | D:10     | Reached XP level 12. HP: 81/81 MP: 12/12
 10199 | D:11     | Noticed an eight-headed hydra
 10220 | D:11     | Killed an eight-headed hydra
 10360 | D:11     | Found a flickering gateway to a bazaar.
 10367 | Bazaar   | Entered a bazaar
 10373 | Bazaar   | Found Sur Pyd's Antique Armour Shop.
 10375 | Bazaar   | Found Mumecs's Jewellery Boutique.
 10410 | Bazaar   | Found Ocwee's Armour Boutique.
 10420 | Bazaar   | Found Ahiyteid's Assorted Antiques.
 10428 | Bazaar   | Bought a scroll labeled JUGADOECIN for 28 gold pieces
 10428 | Bazaar   | Bought a scroll labeled FUDAJEONEO for 28 gold pieces
 10440 | Bazaar   | Bought a +0 helmet of see invisible for 149 gold pieces
 10482 | D:11     | Noticed a six-headed hydra
 10721 | Lair:1   | Entered Level 1 of the Lair of Beasts
 11138 | Lair:1   | Noticed a seven-headed hydra
 11203 | Lair:2   | Reached skill level 10 in Armour
 11210 | Lair:2   | Reached skill level 10 in Shields
 11253 | Lair:2   | Identified the Reference Book on Enchantment (You found it on level 2 of the Lair of Beasts)
 11749 | Lair:1   | Got an iridescent shortbow
 12465 | Lair:2   | Found a blossoming altar of Fedhas.
 12851 | Lair:3   | Noticed an eight-headed hydra
 12894 | Lair:3   | Noticed a five-headed hydra
 13107 | Lair:2   | HP: 1/81 [five-headed hydra (11)]
 14095 | Lair:4   | Reached XP level 13. HP: 86/86 MP: 13/13
 14247 | Lair:4   | Reached skill level 13 in Shields
 14375 | Lair:4   | Noticed a four-headed hydra
 14388 | Lair:4   | Killed a four-headed hydra
 14683 | Lair:4   | Reached skill level 14 in Shields
 16126 | Lair:6   | Noticed Snorg
 16144 | Lair:6   | Mangled by Snorg

Vault maps used:
D:1:      minmay_arrival_radiant_lines
D:2:      lemuel_round_altar, minmay_misc_feat_five, minmay_goblin_kobold_house,
          uniq_natasha
D:3:      first_bread, ecumenical_altar_2
D:4:      old_forge, serial_shops, nicolae_shop_stone, kennysheep_mini, shop,
          shop, shop, st_stairs_13, nemelex_diamond_rough_becter,
          uniq_blork_the_orc
D:5:      nemelex_xobeh_ov_fountains_minmay, temple_statues, uniq_edmund
D:6:      elyvilon_altar_4, gammafunk_temple_overflow_claw, serial_shops,
          nicolae_shop_crystal, portal_sewer_entry_a
D:7:      lightli_orcish_oven, uniq_menkaure
D:8:      lemuel_doored_altar, uniq_gastronok, uniq_prince_ribbit1
D:9:      kennysheep_orc_sif_temple, special_room, uniq_maurice
D:10:     due_megacathedral, lair_0_dummy, uniq_harold, uniq_nergalle
D:11:     serial_shops, bzr_entry_water, uniq_grum
Temple:   dpeg_five_rooms_temple_12
Lair:1:   serial_bayou, serial_bayou_pond_a, serial_bayou_shore_b,
          serial_bayou_crossing, serial_bayou_shore_b
Lair:2:   tgw_fedhas
Lair:3:   beast_lair_carwin_3
Lair:4:   minivault_19
Lair:5:   grunt_forest_small_clearings, zaba_antful_of_joy, lemuel_fruit_tree,
          infiniplex_staircase_pool
Lair:6:   shoals_dummy_entry, spider_nest_entry_a, st_stairs_6,
          minmay_lindwurm_lava, uniq_snorg
Bazaar:   bazaar_kb_twisted_cavern
Sewer:    sewer_co_scattered_pipes

Action                   |  1- 3 |  4- 6 |  7- 9 | 10-12 | 13-15 || total
-------------------------+-------+-------+-------+-------+-------++-------
Melee: Flail             |   120 |   195 |   428 |   834 |       ||  1577
       Eveningstar       |       |       |     9 |       |       ||     9
       Morningstar       |       |       |    57 |   503 |   404 ||   964
Invok: Minor Destruction |       |       |       |     3 |       ||     3
Evoke: Wand              |       |       |     3 |       |       ||     3
  Use: Potion            |       |       |     1 |       |     2 ||     3
       Scroll            |       |       |       |    15 |     2 ||    17
  Eat: Chunk             |       |     5 |    15 |    21 |     7 ||    48
       Royal jelly       |       |       |       |     1 |       ||     1
       Pizza             |       |       |       |     4 |       ||     4
       Bread ration      |       |       |       |     1 |       ||     1
       Fruit             |       |       |       |     1 |       ||     1
